 Dungeon Crawl Stone Soup version 0.22-a0-32-ga749362 (webtiles) character file.

17016 gmonis the Basher (level 12, -19/111 HPs)
             Began as a Minotaur Berserker on Jan 2, 2018.
             Was a High Priest of Trog.
             Demolished by Rupert
             ... wielding a +1 great mace of crushing
              (29 damage)
             ... on level 12 of the Dungeon on Jan 3, 2018.
             The game lasted 01:42:13 (12198 turns).

gmonis the Basher (Minotaur Berserker)             Turns: 12198, Time: 01:42:14

Health: -19/111    AC: 14    Str: 26    XL:     12   Next: 15%
Magic:  11/11      EV: 15    Int:  5    God:    Trog [*****.]
Gold:   986        SH:  0    Dex: 14    Spells: 11/11 levels left

rFire    . . .     SeeInvis .   a - +7 dire flail (protect)
rCold    . . .     Gourm    .   (shield currently unavailable)
rNeg     . . .     Faith    .   T - +2 chain mail {MR+}
rPois    .         Spirit   .   (helmet restricted)
rElec    .         Reflect  .   (no cloak)
rCorr    .         Harm     .   (no gloves)
MR       +....                  (no boots)
Stlth    ..........             o - amulet of regeneration
HPRegen  0.68/turn              u - +4 ring of dexterity
MPRegen  0.12/turn              g - ring of flight

@: no status effects
A: retaliatory headbutt, horns 2
a: Berserk, Trog's Hand, Brothers in Arms, Burn Spellbooks, Renounce Religion,
Evoke Flight


You were on level 12 of the Dungeon.
You worshipped Trog.
Trog was extremely pleased with you.
You were hungry.

You visited 2 branches of the dungeon, and saw 13 of its levels.
You also visited: Labyrinth.

You collected 986 gold pieces.

Inventory:

Hand Weapons
 a - a +7 dire flail of protection (weapon)
 b - a +0 hunting sling
 I - a +2 flail of pain
Missiles
 i - 386 stones (quivered)
 k - 48 sling bullets
Armour
 x - a +0 chain mail of magic resistance
 T - a +2 chain mail of magic resistance (worn)
Magical Staves
 U - an uncursed staff of power {unknown}
 V - an uncursed staff of summoning {unknown}
Jewellery
 g - a ring of flight (right hand)
 o - an amulet of regeneration (around neck)
 u - a +4 ring of dexterity (left hand)
Wands
 s - a wand of paralysis (18)
 v - a wand of random effects (23)
 y - a wand of digging (18)
 D - a wand of flame (52)
 G - a wand of iceblast (7)
 M - a wand of enslavement (13)
 P - a wand of acid (12)
 X - a wand of scattershot (4)
Scrolls
 c - 2 scrolls of teleportation
 d - 2 scrolls of enchant weapon
 f - 7 scrolls of identify
 j - 2 scrolls of fear
 l - 3 scrolls of immolation {unknown}
 n - 6 scrolls of amnesia
 q - 2 scrolls of remove curse
 F - a scroll of noise {unknown}
 L - a scroll of torment {unknown}
 O - a scroll of magic mapping {unknown}
Potions
 e - 8 potions of curing
 h - 4 potions of agility
 m - 7 potions of heal wounds
 p - a potion of cancellation {unknown}
 r - 2 potions of brilliance {unknown}
 w - 2 potions of resistance
 z - 2 potions of magic {unknown}
 A - 2 potions of flight
 B - a potion of degeneration {unknown}
 C - 2 potions of ambrosia {unknown}
 E - 4 potions of might
 H - 2 potions of lignification {unknown}
 K - 2 potions of haste {unknown}
 Q - a potion of experience {unknown}
Comestibles
 t - 16 rations


   Skills:
 + Level 11.7 Fighting
 - Level 14.0 Maces & Flails
 + Level 11.3 Armour
 + Level 10.5 Dodging


You had 11 spell levels left.
You didn't know any spells.

Dungeon Overview and Level Annotations

Branches:
Dungeon (12/15)            Temple (1/1) D:7            Lair (0/6) D:9
    Orc (0/2) D:10

Altars:
Ashenzari
Cheibriados
Dithmenos
Elyvilon
Fedhas
Gozag
Hepliaklqana
Kikubaaqudgha
Makhleb
Nemelex Xobeh
Okawaru
Qazlal
Ru
Sif Muna
Trog
Uskayaw
Vehumet
Wu Jian
Xom
Yredelemnul
Zin
The Shining One

Annotations:
D:12 Rupert


Innate Abilities, Weirdness & Mutations

You reflexively headbutt those who attack you in melee.
You have a pair of horns on your head.


Message History

The orc wizard seems to speed up.
The orc hits you but does no damage.
A brown ugly thing comes into view.
Press: ? - help, . - travel You can't see that place.
Rupert rages.
Found 19 gold pieces.
Found a stone staircase leading down.
A hound comes into view.
Rupert barely misses you. You furiously retaliate!
You headbutt Rupert.
Rupert rages.
Rupert hits you with a great mace of crushing.
You see here 9 gold pieces.
Rupert hits you with a great mace of crushing!!
* * * LOW HITPOINT WARNING * * *
x2 An orc priest comes into view. It is wielding a mace.
The orc throws a stone.
The stone completely misses you. Rupert misses you.
There is a stone staircase leading up here.
You see here a stone.
The orc throws a stone.
The stone closely misses you.
Rupert hits you with a great mace of crushing!!
You die...

#. ... ...# #.###.#
...## ...#.# #...#
#<..# #...#
#..####.#.#
#....#...# #?
#.##.^..$### .o
####.##.......#o#
##..@.###..#.#...#
##...@o##....)h...#
#...[..T..#.(o###.#
#.......#.###)# .#
#.......#.###.# .
##......o$.Tho# #
#.......####u......
#.......## #.......
#.......# ##.#....


You could see Rupert (berserk), a troll, an orc priest and an orc.

Vanquished Creatures
  A minotaur (Lab)
  A centaur warrior (D:9)
  2 two-headed ogres
  Pikel (D:8)
  2 cyclopes (D:11)
  An ugly thing (D:11)
  4 gargoyles
  A kobold demonologist (D:9)
  A spiny frog (shapeshifter) (D:7)
  A queen bee (D:9)
  A troll (D:10)
  Grinder (D:3)
  Prince Ribbit (D:8)
  A slime creature (D:9)
  3 wraiths
  Eustachio (D:6)
  10 yaks
  A hungry ghost (D:7)
  A steam dragon (D:11)
  Grum (D:8)
  A vampire mosquito (D:7)
  Edmund (D:5)
  8 orc warriors
  4 ice beasts
  A slave (D:8)
  4 phantoms
  4 sky beasts
  2 wolves (D:8)
  The ghost of OnekoMk1 the Insei, an amateur DsMo (D:3)
  8 ogres
  8 centaurs
  A crocodile (D:11)
  A big kobold (D:7)
  10 bullfrogs
  2 wyvern zombies
  A gnoll sergeant (D:10)
  A scorpion (D:9)
  A wyvern skeleton (D:11)
  16 killer bees
  An electric eel (D:6)
  8 howler monkeys
  2 crimson imps
  2 bullfrog zombies
  5 hounds
  7 orc priests
  3 centaur skeletons
  A jelly (D:11)
  15 orc wizards
  6 iguanas
  Natasha (twice) (D:2)
  8 worker ants
  A killer bee zombie (D:7)
  A hound zombie (D:6)
  3 hound skeletons
  A mummy (D:6)
  A howler monkey zombie (D:7)
  3 worker ant zombies
  7 gnolls
  A howler monkey skeleton (D:5)
  10 adders
  A shadow imp (D:11)
  An ooze (D:2)
  An adder skeleton (D:8)
  6 worms
  3 dart slugs
  8 leopard geckos
  34 orcs
  9 bats
  6 giant cockroaches
  10 goblins
  6 hobgoblins
  15 jackals
  10 kobolds
  2 quokkas
  A ball python (D:4)
  2 frilled lizards
  A goblin zombie (D:6)
  A jackal zombie (D:7)
  A kobold zombie (D:6)
  5 rats
322 creatures vanquished.

Vanquished Creatures (others)
  A scorpion (D:8)
  An orc wizard (D:8)
  2 orcs (D:8)
4 creatures vanquished.

Grand Total: 326 creatures vanquished

Notes
Turn   | Place    | Note
-------+----------+-------------------------------------------
     0 | D:1      | gmonis the Minotaur Berserker began the quest for the Orb.
     0 | D:1      | Reached XP level 1. HP: 19/19 MP: 0/0
   103 | D:1      | Reached XP level 2. HP: 27/27 MP: 1/1
   172 | D:1      | Reached skill level 4 in Maces & Flails
   642 | D:2      | Reached XP level 3. HP: 27/33 MP: 2/2
   835 | D:2      | Reached ** piety under Trog
   921 | D:2      | Noticed Natasha
   927 | D:2      | Killed Natasha
   927 | D:2      | Reached XP level 4. HP: 20/41 MP: 3/3
  1702 | D:3      | Noticed Grinder
  1707 | D:3      | Noticed OnekoMk1's ghost (amateur DsMo)
  1871 | D:2      | Noticed Natasha
  1874 | D:2      | Killed Natasha
  1874 | D:2      | Reached XP level 5. HP: 41/47 MP: 4/4
  2135 | D:3      | Paralysed by Grinder for 7 turns
  2148 | D:3      | Paralysed by Grinder for 4 turns
  2159 | D:3      | Killed Grinder
  2159 | D:3      | Reached skill level 5 in Fighting
  2159 | D:3      | Reached skill level 5 in Maces & Flails
  2159 | D:3      | Reached XP level 6. HP: 31/56 MP: 5/5
  2312 | D:3      | Killed OnekoMk1's ghost
  2611 | D:3      | Found an iron altar of Okawaru.
  2744 | D:4      | Reached XP level 7. HP: 57/62 MP: 6/6
  2824 | D:4      | Reached skill level 5 in Armour
  2825 | D:4      | Found a shadowy altar of Dithmenos.
  3105 | D:4      | Reached *** piety under Trog
  3122 | D:4      | Found a hide-covered altar of Uskayaw.
  3127 | D:4      | Noticed a dagger
  3127 | D:4      | Noticed a dagger
  3210 | D:4      | Reached skill level 6 in Maces & Flails
  3346 | D:4      | Found a snail-covered altar of Cheibriados.
  3675 | D:4      | Got a jewelled hunting sling
  3712 | D:5      | Entered Level 5 of the Dungeon
  3773 | D:5      | Found a sparkling altar of Nemelex Xobeh.
  3953 | D:5      | Reached skill level 5 in Dodging
  3957 | D:5      | HP: 2/63 [orc warrior/glaive (15)]
  3958 | D:5      | Identified the +8 hunting sling of Inquiry {venom, rPois Str+9 Int-4 Dex-2} (You found it on level 4 of the Dungeon)
  4139 | D:6      | Noticed Eustachio
  4198 | D:5      | Reached XP level 8. HP: 19/71 MP: 7/7
  4640 | D:5      | Noticed Edmund
  4648 | D:5      | Killed Edmund
  4648 | D:5      | Reached skill level 7 in Maces & Flails
  5355 | D:6      | Killed Eustachio
  5355 | D:6      | Reached skill level 8 in Maces & Flails
  5384 | D:6      | Reached skill level 9 in Maces & Flails
  5850 | D:6      | Reached skill level 10 in Maces & Flails
  5940 | D:6      | Reached XP level 9. HP: 58/79 MP: 8/8
  6247 | D:6      | Reached **** piety under Trog
  6247 | D:6      | Reached skill level 11 in Maces & Flails
  6505 | D:7      | Lost intelligence.
  6583 | D:7      | Found a staircase to the Ecumenical Temple.
  6593 | Temple   | Entered the Ecumenical Temple
  6830 | D:7      | Found a transporter.
  6835 | D:7      | Found a transporter.
  6842 | D:7      | Found a blossoming altar of Fedhas.
  6847 | D:7      | Reached skill level 12 in Maces & Flails
  6852 | D:7      | Noticed a spiny frog
  6852 | D:7      | a human changed into a spiny frog
  6854 | D:7      | Killed a spiny frog
  7204 | D:7      | Reached skill level 13 in Maces & Flails
  7401 | D:7      | Noticed a moth of wrath
  7427 | D:7      | Found a bloodstained altar of Trog.
  7523 | D:7      | Found a glowing golden altar of the Shining One.
  7562 | D:7      | Reached XP level 10. HP: 86/86 MP: 9/9
  7563 | D:7      | Reached ***** piety under Trog
  7894 | D:8      | Upgraded the game from 0.22-a0-21-g9421e3f to 0.22-a0-32-ga749362
  7904 | D:8      | Noticed Grum
  7908 | D:8      | Noticed Pikel
  7911 | D:8      | Killed Grum
  7911 | D:8      | Reached skill level 14 in Maces & Flails
  7918 | D:8      | Killed Pikel
  7943 | D:8      | Got a jacinth-encrusted scale mail
  8186 | D:8      | Noticed Prince Ribbit
  8192 | D:8      | Killed Prince Ribbit
  8218 | D:8      | Found a white marble altar of Elyvilon.
  8218 | D:8      | Found an ancient bone altar of Kikubaaqudgha.
  8318 | D:8      | Found a basalt altar of Yredelemnul.
  8460 | D:9      | Found an ornate altar of the Wu Jian Council.
  8545 | D:9      | Noticed a gargoyle
  8579 | D:9      | Found an opulent altar of Gozag.
  8639 | D:9      | Killed a gargoyle
  8766 | D:9      | Received a gift from Trog
  8848 | D:9      | Reached XP level 11. HP: 80/97 MP: 10/10
  8857 | D:9      | Noticed a centaur warrior
  8892 | D:9      | Found a staircase to the Lair.
  9195 | D:9      | Killed a centaur warrior
  9431 | D:9      | Found a sacrificial altar of Ru.
  9637 | D:10     | Entered Level 10 of the Dungeon
  9768 | D:10     | Noticed a two-headed ogre
  9777 | D:10     | Killed a two-headed ogre
  9777 | D:10     | Reached skill level 10 in Fighting
  9851 | D:10     | Noticed a two-headed ogre
  9927 | D:8      | Killed a two-headed ogre
 10158 | D:10     | Found a staircase to the Orcish Mines.
 10258 | D:10     | Reached skill level 10 in Armour
 10899 | D:11     | Found a labyrinth entrance.
 10908 | Lab      | Entered a labyrinth
 11314 | Lab      | Noticed a minotaur
 11323 | Lab      | Killed a minotaur
 11331 | Lab      | Got a fine bardiche {freeze}
 11333 | Lab      | Identified the Almanac of the Escort and Clay
 11348 | Lab      | Received a gift from Trog
 11349 | Lab      | Got a bloodstained chain mail
 11404 | D:11     | Noticed a white ugly thing
 11414 | D:11     | Killed a white ugly thing
 11414 | D:11     | Reached skill level 10 in Dodging
 11621 | D:11     | Reached XP level 12. HP: 50/110 MP: 11/11
 12170 | D:12     | Noticed Rupert
 12198 | D:12     | Demolished by Rupert

Vault maps used:
D:1:      denvon_arrival_waterhouse
D:2:      uniq_natasha
D:3:      kennysheep_okawaru_gauntlet, first_ration, uniq_grinder
D:4:      dancing_weapons_uskayaw, cheibriados_altar_1, dk_noncrumbling_2,
          nicolae_dithmenos_the_darkroom
D:5:      old_standard_altar, kennysheep_generic_room_16, uniq_edmund
D:6:      cheibrodos_helix_gallery, nicolae_ossuary_entry_giza, uniq_eustachio
D:7:      tgw_trog, tso_metal_star, gammafunk_temple_overflow_arena,
          temple_statues
D:8:      grunt_temple_overflow_open, uniq_prince_ribbit1, uniq_grum, uniq_pikel
D:9:      old_standard_altar, kennysheep_mini_moat,
          lemuel_coloured_pillars_altar, lair_entry_dummy, david_nohive_1,
          minmay_diamond_spiral
D:10:     orc_0_dummy
D:11:     lab_entry_generic, grunt_ministairs_5
D:12:     uniq_nergalle, uniq_rupert
Temple:   compressed_dpeg_triangle_lava_temple
Lab:      labyrinth_mini_lab

Skill      XL: |  1  2  3  4  5  6  7  8  9 10 11 |
---------------+----------------------------------+-----
Fighting       | 4 5 6 7 9 11 | 11.7
Maces & Flails | 4 5 6 10 13 14 | 14.0
Armour         | 3 4 5 6 8 11 | 11.3
Dodging        | 3 4 5 8 10 | 10.5

Action                   |  1- 3 |  4- 6 |  7- 9 | 10-12 || total
-------------------------+-------+-------+-------+-------++-------
Melee: Mace              |    69 |    71 |   106 |       ||   246
       Headbutt          |     9 |    12 |    65 |    91 ||   177
       Flail             |       |       |    80 |       ||    80
       Dire flail        |       |       |    90 |   400 ||   490
 Fire: Hunting sling     |       |     9 |    55 |    34 ||    98
Throw: Stone             |    15 |    36 |    27 |     6 ||    84
Invok: Burn Spellbooks   |       |     1 |       |     2 ||     3
       Berserk           |       |     1 |     3 |     3 ||     7
  Use: Scroll            |       |       |     7 |     6 ||    13
       Potion            |       |       |     2 |     4 ||     6
  Eat: Chunk             |       |     3 |    15 |    10 ||    28
       Ration            |       |     1 |     1 |     2 ||     4
Armor: Animal skin       |     4 |       |       |       ||     4
       Leather armour    |    15 |     9 |     5 |       ||    29
       Chain mail        |       |       |    50 |   138 ||   188
Dodge: Dodged            |    52 |    49 |   155 |   200 ||   456

Table legend:
 A = Spawn XP
 B = Non-spawn XP
 C = Spawn XP percentage of total XP
 D = Spawn monster count
 E = Non-spawn monster count
 F = Spawn count percentage of total count
 G = Total turns spent on level
                    A         B        C        D         E        F      G
               +---------+---------+-------+---------+---------+-------+---------
         Total |       0 |   24309 |   0.0 |       0 |     321 |   0.0 | 12198
               +---------+---------+-------+---------+---------+-------+---------
           D:1 |       0 |      34 |   0.0 |       0 |      16 |   0.0 |   571
           D:2 |       0 |     162 |   0.0 |       0 |      29 |   0.0 |  1313
           D:3 |       0 |     492 |   0.0 |       0 |      20 |   0.0 |   785
           D:4 |       0 |     284 |   0.0 |       0 |      26 |   0.0 |  1045
           D:5 |       0 |     821 |   0.0 |       0 |      13 |   0.0 |  1515
           D:6 |       0 |    1616 |   0.0 |       0 |      30 |   0.0 |  1098
           D:7 |       0 |    2274 |   0.0 |       0 |      51 |   0.0 |  1340
           D:8 |       0 |    3216 |   0.0 |       0 |      22 |   0.0 |   591
           D:9 |       0 |    5460 |   0.0 |       0 |      43 |   0.0 |  1298
          D:10 |       0 |    3506 |   0.0 |       0 |      30 |   0.0 |   932
          D:11 |       0 |    3495 |   0.0 |       0 |      26 |   0.0 |   960
          D:12 |       0 |    1864 |   0.0 |       0 |      14 |   0.0 |    78
           Lab |       0 |    1085 |   0.0 |       0 |       1 |   0.0 |   446
               +---------+---------+-------+---------+---------+-------+---------
